 Dungeon Crawl Stone Soup version 0.25-a0-737-g26c3a87c45 (webtiles) character file.

Game seed: 14891442865045056378, levelgen mode: deterministic

350 mortelune the Vexing (level 6, -3/47 HPs)
             Began as a Formicid Arcane Marksman on Apr 11, 2020.
             Slain by a black bear (4 damage)
             ... on level 5 of the Dungeon.
             The game lasted 00:14:05 (4705 turns).

mortelune the Vexing (Formicid Arcane Marksman)     Turns: 4705, Time: 00:14:06

Health: -3/47      AC: 10    Str: 16    XL:     6   Next: 92%
Magic:  13/16      EV:  7    Int: 13    God:
Gold:   76         SH:  0    Dex: 11    Spells: 1/7 levels left

rFire    . . .     SeeInvis +   a - +0 hand crossbow
rCold    . . .     Gourm    .   (no shield)
rNeg     + . .     Faith    .   l - +0 chain mail
rPois    .         Spirit   .   (helmet unavailable)
rElec    .         Reflect  .   (no cloak)
rCorr    .         Harm     .   (no gloves)
MR       .....                  m - +0 pair of boots
Stlth    ..........             (no amulet)
HPRegen  0.15/turn              n - ring of positive energy
MPRegen  0.15/turn              y - ring of magical power

@: very slightly contaminated
A: permanent stasis, dig shafts and tunnels, four strong arms, antennae 3
a: Dig, Shaft Self


You were on level 5 of the Dungeon.
You were not hungry.

You visited 1 branch of the dungeon, and saw 5 of its levels.

You collected 76 gold pieces.

Inventory:

Hand Weapons
 a - a +0 hand crossbow (weapon)
 b - a +0 quarterstaff
 i - a +0 club
 j - a +0 whip
 q - a +1 whip of draining
 w - a +0 broad axe
Missiles
 d - 26 bolts (quivered)
Armour
 e - a +0 robe
 l - a +0 chain mail (worn)
 m - a +0 pair of boots (worn)
 r - a +0 ring mail
Jewellery
 n - a ring of positive energy (left hand)
 v - an uncursed ring of positive energy
 y - a ring of magical power (right hand)
Wands
 u - a wand of iceblast (4)
Scrolls
 c - 4 scrolls of identify {unknown}
 h - 6 scrolls of teleportation {unknown}
 k - a scroll of magic mapping {unknown}
 p - a scroll of enchant armour {unknown}
 x - a scroll of remove curse {unknown}
Potions
 g - a potion of resistance
 o - 4 potions of curing {unknown}
 s - a potion of magic {unknown}
 t - a potion of might {unknown}
 z - a potion of degeneration {unknown}
Comestibles
 f - 6 rations
 A - a chunk of flesh


   Skills:
 + Level 3.5 Fighting
 + Level 0.0 Staves
 + Level 3.7 Crossbows
 + Level 2.4 Armour
 - Level 2.5 Dodging
 - Level 1.1 Spellcasting
 + Level 5.3 Hexes


You had one spell level left.
You knew the following spells:

 Your Spells              Type           Power        Failure   Level  Hunger
a - Corona                Hex            ##.....      50%         1    ##.....
b - Slow                  Hex            ##......     65%         2    ###....
c - Portal Projectile     Hex/Tloc       #.....       99%         3    ####...

Your spell library contained the following spells:

 Spells                   Type           Power        Failure   Level  Hunger
 Beastly Appendage        Tmut           #.....       99%         1    ##.....
 Inner Flame              Hex/Fire       #.......     99%         3    ####...
 Cause Fear               Hex            ##........   99%         4    #####..
 Sticks to Snakes         Tmut           #.......     100%        2    ###....
 Spider Form              Tmut/Pois      #.........   100%        3    ####...
 Ice Form                 Ice/Tmut       #.......     100%        4    #####..
 Leda's Liquefaction      Hex/Erth       #.........   100%        4    #####..
 Blade Hands              Tmut           #.........   100%        5    ######.


Dungeon Overview and Level Annotations

Branches:
Dungeon (5/15)
 Temple: D:4-7

Altars:
Dithmenos

Annotations:
D:4 Pikel


Innate Abilities, Weirdness & Mutations

You cannot be hasted, slowed, berserked, paralysed or teleported.
You can dig through walls and to a lower floor.
Your four strong arms can wield two-handed weapons with a shield.
You have a pair of large antennae on your head. (SInv)


Message History

The black bear is severely wounded.
The black bear stops glowing.
The black bear bites you. The black bear claws you.
The black bear claws you but does no damage.
The black bear completely misses you. The black bear claws you.
The black bear barely misses you.
Firing (i - inventory)
d - 27 bolts (quivered)
Press: ? - help, Shift-Dir - straight line, f/p - black bear
Aim: a black bear (severely wounded, berserk, fast, unusually strong)
You shoot a bolt. The bolt barely misses the black bear.
The black bear bites you!
* * * LOW HITPOINT WARNING * * *
The black bear claws you but does no damage.
The black bear claws you.
* * * LOW HITPOINT WARNING * * *
The black bear bites you but does no damage.
The black bear claws you.
* * * LOW HITPOINT WARNING * * *
The black bear claws you.
You die...

..#. ... .. ###.#
#(#.# #####+#...#
........########
.......h........
.......@########
.....##.# .....
#.# .... #รท# ...
#.# ... #.#
#.##########
#####..........#
........#........#


You could see a black bear (berserk).

Vanquished Creatures
  Duvessa (D:3)
  Dowan (D:3)
  A bullfrog skeleton (D:4)
  Ijyb (D:4)
  5 adders
  A shadow imp (D:4)
  An ooze (D:1)
  A worm (D:2)
  A dart slug (D:2)
  A leopard gecko (D:2)
  2 orcs (D:3)
  5 giant cockroaches
  5 goblins
  14 hobgoblins
  3 quokkas
  A ball python (D:1)
  4 bats
  6 frilled lizards
  9 kobolds
  7 rats
70 creatures vanquished.

Notes
Turn   | Place    | Note
-------+----------+-------------------------------------------
     0 | D:1      | mortelune the Formicid Arcane Marksman began the quest for
                  | the Orb.
     0 | D:1      | Reached XP level 1. HP: 15/15 MP: 2/2
   812 | D:1      | Reached XP level 2. HP: 21/21 MP: 3/3
   972 | D:1      | Learned a level 2 spell: Slow
  1306 | D:1      | Reached skill level 4 in Hexes
  1306 | D:1      | Reached XP level 3. HP: 25/27 MP: 4/4
  2122 | D:2      | Reached XP level 4. HP: 28/33 MP: 5/5
  2986 | D:3      | Reached XP level 5. HP: 39/39 MP: 6/6
  3911 | D:4      | Noticed Ijyb
  3929 | D:4      | Killed Ijyb
  3929 | D:4      | Reached skill level 1 in Armour
  3968 | D:4      | Noticed Pikel
  3968 | D:4      | Noticed a slave
  3969 | D:4      | Noticed a slave
  3969 | D:4      | Noticed Duvessa
  3970 | D:4      | Noticed a slave
  4371 | D:4      | Noticed Dowan
  4389 | D:3      | Killed Duvessa
  4389 | D:3      | Reached skill level 5 in Hexes
  4389 | D:3      | Reached XP level 6. HP: 40/47 MP: 5/7
  4411 | D:3      | Killed Dowan
  4508 | D:4      | Learned a level 3 spell: Portal Projectile
  4590 | D:4      | Found a shadowy altar of Dithmenos.
  4636 | D:5      | Entered Level 5 of the Dungeon
  4692 | D:5      | Noticed a black bear
  4705 | D:5      | HP: 1/47 [black bear (3)]
  4705 | D:5      | Slain by a black bear

Levels and vault maps discovered:
D:1:      kilobyte_arrival_exit_the_forest, layout_rooms, serial_bayou_ford_a
D:2:      layout_basic, first_ration
D:3:      layout_loops_ring
D:4:      layout_rooms, grunt_dithmenos_shadows, minmay_temple_entry_mist,
          roderic_roman_lattice, uniq_ijyb, uniq_pikel, uniq_duvessa
D:5:      layout_basic, serial_shops, kennysheep_mini

Skill      XL: |  1  2  3  4  5 |
---------------+----------------+-----
Dodging        | 2 |  2.5
Hexes          | 4 5 |  5.3
Fighting       | 2 3 |  3.5
Crossbows      | 3 |  3.7
Armour         | 2 |  2.4
Spellcasting   | |  1.1

Action                   |  1- 3 |  4- 6 || total
-------------------------+-------+-------++-------
Melee: Club              |    21 |       ||    21
       Whip              |    30 |    24 ||    54
       Quarterstaff      |       |     2 ||     2
 Fire: Hand crossbow     |    65 |   138 ||   203
 Cast: Corona            |     2 |     8 ||    10
       Slow              |     1 |     2 ||     3
  Use: Potion            |       |     2 ||     2
  Eat: Chunk             |     3 |     6 ||     9
       Ration            |       |     1 ||     1
Armor: Robe              |    14 |     7 ||    21
       Ring mail         |       |    26 ||    26
       Chain mail        |       |    11 ||    11
Dodge: Dodged            |    70 |    75 ||   145

Table legend:
 A = Non-vault XP
 B = Vault XP
 C = Vault XP percentage of total XP
 D = Non-vault monster count
 E = Vault monster count
 F = Vault count percentage of total count
                 A         B        C        D         E       F
            +---------+---------+-------+---------+---------+-------
      Total |     220 |     280 |  56.0 |      66 |       4 |   5.7
            +---------+---------+-------+---------+---------+-------
        D:1 |      40 |       0 |   0.0 |      23 |       0 |   0.0
        D:2 |      90 |       0 |   0.0 |      22 |       0 |   0.0
        D:3 |      48 |     230 |  82.7 |      19 |       2 |   9.5
        D:4 |      40 |      50 |  55.6 |       1 |       2 |  66.7
        D:5 |       2 |       0 |   0.0 |       1 |       0 |   0.0
            +---------+---------+-------+---------+---------+-------
